 Dungeon Sprint DCSS version 0.27.1-33-g824d729ab1 (webtiles) character file.

Game seed: 15180186191420011853

282622 manyhoops the Earth Mage (level 13, 78/78 HPs)
             Began as a Deep Elf Earth Elementalist on Nov 29, 2021.
             Was a High Priest of Sif Muna.
             Escaped with the Orb!
             The game lasted 00:39:26 (7545 turns).

manyhoops the Earth Mage (DEEE)                     Turns: 7545, Time: 00:39:26

Health: 78/78      AC: 17    Str:  5    XL:     13   Next: 10%
Magic:  30/30      EV: 17    Int: 25    God:    Sif Muna [*****.]
Gold:   645        SH:  0    Dex: 16    Spells: 2/35 levels left

rFire    + + +     SeeInvis .   u - staff of earth
rCold    . . .     Faith    .   (no shield)
rNeg     . . .     Spirit   .   j - +2 robe {rF+}
rPois    .         Reflect  .   r - +2 hat
rElec    .         Harm     .   t - +2 cloak {rCorr}
rCorr    +         Rampage  .   J - +2 pair of gloves {archery}
Will     +....     NoTele   +   D - +2 pair of boots
Stlth    ++........             (no amulet)
HPRegen  0.23/turn              M - ring of protection from fire
MPRegen  0.22/turn              B - ring of protection from fire

@: hasted, very quick
A: iridescent scales 1, subdued magic 1
0: Orb of Zot
a: Renounce Religion, Channel Magic, Forget Spell, Divine Exegesis


You escaped.
You worshipped Sif Muna.
Sif Muna was extremely pleased with you.
You visited 1 branch You collected 5213 gold pieces.
You spent 4568 gold pieces at shops.

Inventory:

Hand Weapons
 k - the +7 flail "Vulezygo" {freeze, rCorr}
   (You found it in the Dungeon)

   It freezes those it strikes, dealing additional cold damage.
   It can also slow down cold-blooded creatures.
   rCorr:     It protects you from acid and corrosion.
 x - the +6 quarterstaff of Dim Light {freeze, rF- rN+ Dex+3}
   (You bought it in a shop in the Dungeon)

   It freezes those it strikes, dealing additional cold damage.
   It can also slow down cold-blooded creatures.
   Dex:       It affects your dexterity (+3).
   rF:        It makes you vulnerable to fire.
   rN:        It protects you from negative energy.
Missiles
 i - 23 stones
Armour
 j - a +2 robe of fire resistance (worn)
 r - a +2 hat (worn)
 t - a +2 cloak of preservation (worn)
 D - a +2 pair of boots (worn)
 J - a +2 pair of gloves of archery (worn)
Magical Staves
 n - a staff of death
 o - a staff of air
 u - a staff of earth (weapon)
Jewellery
 e - a ring of positive energy
 l - the ring "Uroith" {rC+ Will+ Str+2 Int+3}
   (You bought it in a shop in the Dungeon)

   [ring of willpower]

   Str:       It affects your strength (+2).
   Int:       It affects your intelligence (+3).
   rC:        It protects you from cold.
   Will:      It increases your willpower.
 B - a ring of protection from fire (right hand)
 C - a ring of wizardry
 H - a ring of flight
 M - a ring of protection from fire (left hand)
Wands
 g - a wand of digging (5)
Scrolls
 a - a scroll of enchant weapon
 b - 5 scrolls of fear
 m - a scroll of holy word
 v - a scroll of torment
 w - a scroll of magic mapping
 y - 2 scrolls of amnesia
 z - 3 scrolls of fog
 E - a scroll of vulnerability
 K - a scroll of summoning
 L - 2 scrolls of silence
Potions
 c - 4 potions of curing
 d - 2 potions of flight
 f - 3 potions of heal wounds
 h - a potion of lignification
 q - 2 potions of resistance
 s - a potion of ambrosia
 A - a potion of attraction {unknown}
 F - a potion of might
 I - 2 potions of cancellation
 N - a potion of degeneration {unknown}
 O - a potion of mutation {unknown}
Miscellaneous
 p - a box of beasts


   Skills:
 - Level 8.2 Fighting
 - Level 9.8 Dodging
 - Level 11.1 Stealth
 - Level 11.5 Spellcasting
 - Level 20.0 Conjurations
 - Level 6.2 Translocations
 - Level 1.1 Transmutations
 - Level 20.2 Earth Magic
 + Level 12.9 Invocations


You had 2 spell levels left.
You knew the following spells:

 Your Spells              Type           Power      Damage    Failure   Level
a - Sandblast             Erth           100%       2d20      0%          1
b - Passwall              Tmut/Erth      55%        N/A       1%          2
c - Stone Arrow           Conj/Erth      100%       3d13      0%          3
d - Lee's Rapid Deconstr  Erth           46%        3d23*     0%          5
e - Lehudib's Crystal Sp  Conj/Erth      46%        10d11     5%          8
g - Teleport Other        Tloc           34%        N/A       1%          3
h - Passage of Golubria   Tloc           N/A        N/A       2%          4
i - Orb of Destruction    Conj           36%        9d13      1%          7

Your spell library contained the following spells:

 Spells                   Type           Power      Damage    Failure   Level
 Shock                    Conj/Air       100%       1d9       1%          1
 Corpse Rot               Necr/Air       N/A        N/A       4%          2
 Slow                     Hex            11%        N/A       4%          2
 Iskenderun's Battlesphe  Conj           73%        2d12      0%          5
 Conjure Flame            Conj/Fire      49%        6-21      1%          3
 Dazzling Flash           Conj/Hex       98%        N/A       1%          3
 Gell's Gravitas          Tloc           17%        N/A       1%          3
 Animate Armour           Summ/Erth      100%       N/A       1%          4
 Iskenderun's Mystic Bla  Conj/Tloc      57%        2d12      1%          4
 Petrify                  Tmut/Erth      67%        N/A       1%          4
 Sticky Flame             Conj/Fire      49%        2d7       1%          4
 Bolt of Magma            Conj/Fire/Erth 38%        4d16      1%          5
 Fireball                 Conj/Fire      24%        3d11      1%          5
 Iron Shot                Conj/Erth      46%        9d9       1%          6
 Manifold Assault         Tloc           34%        N/A       7%          5
 Statue Form              Tmut/Erth      44%        N/A       7%          6
 Starburst                Conj/Fire      24%        6d8       9%          6
 Tukima's Dance           Hex            11%        N/A       11%         3
 Yara's Violent Unravell  Hex/Tmut       6%         3d5       63%         5
 Agony                    Necr           11%        N/A       71%         5
 Silence                  Hex/Air        5%         N/A       71%         5
 Malign Gateway           Summ/Tloc      11%        N/A       100%        7
 Infestation              Necr           5%         N/A       100%        8
 Death's Door             Necr           5%         N/A       100%        9


Dungeon Overview and Level Annotations

Branches:
Dungeon (1/1)

Altars:
Cheibriados
Dithmenos
Elyvilon
Fedhas
Gozag
Hepliaklqana
Kikubaaqudgha
Makhleb
Nemelex Xobeh
Okawaru
Qazlal
Ru
Sif Muna
Trog
Uskayaw
Vehumet
Wu Jian
Xom
Yredelemnul
Zin
The Shining One
Jiyva
Lugonu

Shops:
D (*[:![!=*(*[*??(??=[*

Annotations:
D Lom Lobon, Tiamat


Innate Abilities, Weirdness & Mutations

You are partially covered in iridescent scales. (AC +2)
Your spells are a little easier to cast, but a little less powerful.


Message History

Confirm with . or Enter, or press ? or * to list all spells.
Aiming: Passage of Golubria (dangerous; 2% risk of failure)
Press: ? - help, Dir - move target You pick up the Orb of Zot!
The Orb lets out a hideous shriek!
The lords of Pandemonium are not amused.
Beware!
Now all you have to do is get back out of the dungeon!
Something screams, "Fly whilst life thou hast!"
You enter the passage of Golubria.
There is a passage of Golubria here.
Okay, then.
There is an open door, spattered with blood here.
Things that are here:
a +2 great sword of flaming; a +2 great sword of flaming
Things that are here:
a +1 great sword of flaming; a +0 great sword of flaming
There is an open door here.
There is an open door here.
You hear a snapping sound.
Really walk into a travel-excluded area?
You hear a snapping sound.
There is an open door here.
There is an open door, spattered with blood here.
There is an open door, spattered with blood here.
Items here: )) [[.
You feel yourself speed up.
There is an open door here.
You avoid triggering an arrow trap.
There is an arrow trap here.
There is an open door here.
You hear a snapping sound.
There is an open door here.
Things that are here:
a +0 scythe; a potion of cancellation
There is an open door here.
There is an open door here.
There is an open door, spattered with blood here.
Things that are here:
a +0 leather armour; a +0 dagger
There is a staircase leading out of the dungeon here.
You have escaped!

##################
#@.#..').#..'..#__
#..[..#..').#..'^.
#..#####'#####'#__
#..####..#...#.###
#..#__####..##[#§§
#..#_____##'#_.§§§
#⌠⌠#_.∩...'(..§#§§
####_..__##_.#'##'
#_____###'#.#((


There were no monsters in sight!

Vanquished Creatures
  the Lernaean hydra (D)
  A daeva (D)
  4 fire giants (D)
  A deep elf annihilator (D)
  A lorocyproca (D)
  A mummy priest (D)
  2 centaur warriors (D)
  A hydra (D)
  Sonja (D)
  A deep troll (D)
  A lindwurm (D)
  8 shining eyes (D)
  2 oklob plants (D)
  A merfolk siren (D)
  A gargoyle (D)
  7 unseen horrors (D)
  2 kobold demonologists (D)
  A hellwing (D)
  4 demonic crawlers (D)
  3 hornets (D)
  A meliai (D)
  A slime creature (D)
  2 redbacks (D)
  Sigmund (D)
  A yak (D)
  13 hogs (D)
  7 floating eyes (D)
  7 necrophages (D)
  An ogre (D)
  8 jellies (D)
  Ijyb (D)
  A ballistomycete spore (D)
88 creatures vanquished.

Vanquished Creatures (others)
  An Orb Guardian (D)
  A deep elf master archer (D)
  A merfolk siren (D)
  A gargoyle (D)
  2 hornets (D)
  A ballistomycete spore (D)
7 creatures vanquished.

Grand Total: 95 creatures vanquished

Notes
Turn   | Place    | Note
-------+----------+-------------------------------------------
     0 | D        | manyhoops the Deep Elf Earth Elementalist began the quest
                  | for the Orb.
     0 | D        | Reached XP level 1. HP: 10/10 MP: 6/6
     1 | D        | Noticed Ijyb
    15 | D        | Killed Ijyb
    16 | D        | Reached XP level 2. HP: 5/15 MP: 6/8
   234 | D        | Learned a level 2 spell: Passwall
   235 | D        | Noticed an ogre
   237 | D        | Killed an ogre
   238 | D        | Reached skill level 10 in Earth Magic
   238 | D        | Reached XP level 3. HP: 19/19 MP: 6/9
   238 | D        | Reached XP level 4. HP: 24/24 MP: 6/10
   283 | D        | Learned a level 3 spell: Stone Arrow
   284 | D        | Noticed Sigmund
   287 | D        | Killed Sigmund
   288 | D        | Reached XP level 5. HP: 22/28 MP: 1/11
   393 | D        | Found an ornate altar of the Wu Jian Council.
   393 | D        | Found a shimmering blue altar of Sif Muna.
   395 | D        | Found a radiant altar of Vehumet.
   398 | D        | Reached XP level 6. HP: 32/32 MP: 5/12
   401 | D        | Identified the +7 flail "Vulezygo" {freeze, rCorr}
   464 | D        | Found Lyomp's Book Emporium.
   464 | D        | Found an ancient bone altar of Kikubaaqudgha.
   464 | D        | Found a hazy altar of Hepliaklqana.
   464 | D        | Found a hide-covered altar of Uskayaw.
   464 | D        | Found a basalt altar of Yredelemnul.
   464 | D        | Found an opulent altar of Gozag.
   464 | D        | Found a snail-covered altar of Cheibriados.
   464 | D        | Found a sacrificial altar of Ru.
   464 | D        | Found a shadowy altar of Dithmenos.
   464 | D        | Noticed a yak
   466 | D        | Killed a yak
   467 | D        | Found a stormy altar of Qazlal.
   467 | D        | Found a blossoming altar of Fedhas.
   467 | D        | Found a bloodstained altar of Trog.
   467 | D        | Found an iron altar of Okawaru.
   467 | D        | Found a glowing golden altar of the Shining One.
   467 | D        | Found a glowing silver altar of Zin.
   467 | D        | Found a white marble altar of Elyvilon.
   468 | D        | Found a sparkling altar of Nemelex Xobeh.
   472 | D        | Bought a book of Geomancy for 242 gold pieces
   478 | D        | Learned a level 5 spell: Lee's Rapid Deconstruction
   512 | D        | Noticed Sonja
   515 | D        | Killed Sonja
   516 | D        | Reached XP level 7. HP: 16/36 MP: 3/13
   703 | D        | Noticed a deep troll
   707 | D        | Killed a deep troll
   708 | D        | Reached XP level 8. HP: 2/41 MP: 1/14
  1024 | D        | Found Pettaheime's Armour Emporium.
  1053 | D        | Found Guamiap's Weapon Boutique.
  1084 | D        | Found a burning altar of Makhleb.
  1084 | D        | Found a viscous altar of Jiyva.
  1084 | D        | Found a shimmering altar of Xom.
  1084 | D        | Found a corrupted altar of Lugonu.
  1084 | D        | Noticed a slime creature
  1088 | D        | Killed a slime creature
  1205 | D        | Noticed a kobold demonologist
  1206 | D        | Noticed a kobold demonologist
  1209 | D        | Killed a kobold demonologist
  1210 | D        | Reached XP level 9. HP: 44/45 MP: 5/24
  1212 | D        | Killed a kobold demonologist
  1359 | D        | Learned a level 3 spell: Tukima's Dance
  1408 | D        | Noticed a centaur warrior
  1414 | D        | Learned a level 4 spell: Petrify
  1434 | D        | Noticed a centaur warrior
  1440 | D        | Killed a centaur warrior
  1440 | D        | Killed a centaur warrior
  1724 | D        | Noticed an oklob plant
  1727 | D        | Killed an oklob plant
  1728 | D        | Reached XP level 10. HP: 51/64 MP: 7/27
  1851 | D        | Reached skill level 5 in Stealth
  2065 | D        | Reached skill level 10 in Stealth
  2244 | D        | Found Xyruemm's Jewellery Shoppe.
  2244 | D        | Found Toneuhol's Distillery.
  2244 | D        | Found Lorepn's Assorted Antiques.
  2246 | D        | Found Tyicisak's Weapon Emporium.
  2246 | D        | Found Xiok Xoch's Assorted Antiques.
  2246 | D        | Found Icleod's Armour Shoppe.
  2246 | D        | Found Qareasuz's Assorted Antiques.
  2246 | D        | Found Asox's Magic Scroll Emporium.
  2246 | D        | Found Qamefeom's Magic Scroll Shop.
  2246 | D        | Found Boukkatt's Weapon Shoppe.
  2248 | D        | Bought a potion of resistance for 100 gold pieces
  2249 | D        | Bought a runed hat for 147 gold pieces
  2249 | D        | Bought a smoky coppery potion for 18 gold pieces
  2249 | D        | Bought a smoky coppery potion for 18 gold pieces
  2249 | D        | Bought a fuming yellow potion for 18 gold pieces
  2249 | D        | Bought a scroll labelled MUWKEDDU IFUNUQEP for 21 gold
                  | pieces
  2249 | D        | Bought a scroll labelled MUWKEDDU IFUNUQEP for 21 gold
                  | pieces
  2252 | D        | Found Gumi's Magic Scroll Boutique.
  2253 | D        | Found Lute Duy's Jewellery Emporium.
  2253 | D        | Found Loetyler's Magic Scroll Boutique.
  2254 | D        | Found Odakesih's Assorted Antiques.
  2261 | D        | Bought a scorched bone ring for 140 gold pieces
  2261 | D        | Identified the ring "Uroith" {rC+ Will+ Str+2 Int+3} (You
                  | bought it in a shop in the Dungeon)
  2263 | D        | Bought a scroll of fear for 49 gold pieces
  2264 | D        | Bought a scroll of blinking for 97 gold pieces
  2264 | D        | Bought 2 scrolls of blinking for 195 gold pieces
  2264 | D        | Bought a scroll of identify for 26 gold pieces
  2264 | D        | Bought a scroll of identify for 26 gold pieces
  2321 | D        | HP: 3/64 [demonic crawler (6)]
  2647 | D        | Noticed a gargoyle
  2649 | D        | Killed a gargoyle
  2707 | D        | Noticed a lindwurm
  2709 | D        | Killed a lindwurm
  2817 | D        | Became a worshipper of Sif Muna the Loreminder
  2848 | D        | Reached XP level 11. HP: 67/68 MP: 24/28
  2850 | D        | Reached * piety under Sif Muna
  2855 | D        | Reached ** piety under Sif Muna
  2865 | D        | Reached *** piety under Sif Muna
  3080 | D        | Noticed a daeva
  3083 | D        | Killed a daeva
  3083 | D        | Reached **** piety under Sif Muna
  3284 | D        | Reached ***** piety under Sif Muna
  3366 | D        | Killed a lorocyproca
  3367 | D        | Reached skill level 5 in Invocations
  3478 | D        | Received a gift from Sif Muna
  3485 | D        | Got Luuwinus's Compendium of Flying Orientation {god gift}
  3490 | D        | Learned a level 3 spell: Teleport Other
  3495 | D        | Learned a level 4 spell: Passage of Golubria
  3956 | D        | Bought a potion of resistance for 100 gold pieces
  3957 | D        | Bought a runed robe for 77 gold pieces
  3957 | D        | Bought an ebony quarterstaff for 189 gold pieces
  3957 | D        | Identified the +6 quarterstaff of Dim Light {freeze, rF-
                  | rN+ Dex+3} (You bought it in a shop in the Dungeon)
  3959 | D        | Bought a scroll labelled CAGGIOSMUI for 19 gold pieces
  3959 | D        | Bought a scroll labelled KINUDIFONN for 19 gold pieces
  3959 | D        | Bought a blue potion for 17 gold pieces
  3964 | D        | Bought a scroll of fear for 98 gold pieces
  3965 | D        | Bought a scroll of identify for 28 gold pieces
  3965 | D        | Bought a scroll of identify for 28 gold pieces
  3968 | D        | Bought a scroll of blinking for 82 gold pieces
  3968 | D        | Bought a scroll of enchant armour for 82 gold pieces
  3969 | D        | Bought a ring of protection from fire for 300 gold pieces
  3969 | D        | Bought a ring of wizardry for 360 gold pieces
  4015 | D        | Noticed a shining eye
  4015 | D        | Noticed a shining eye
  4015 | D        | Noticed a shining eye
  4020 | D        | Reached skill level 1 in Translocations
  4026 | D        | Noticed a shining eye
  4028 | D        | Killed a shining eye
  4049 | D        | Gained mutation: You are partially covered in iridescent
                  | scales. (AC +2) [a shining eye]
  4050 | D        | Killed a shining eye
  4051 | D        | Reached skill level 5 in Translocations
  4130 | D        | Noticed a shining eye
  4144 | D        | Noticed a shining eye
  4145 | D        | Killed a shining eye
  4148 | D        | Killed a shining eye
  4148 | D        | Killed a shining eye
  4149 | D        | Killed a shining eye
  4150 | D        | Reached skill level 15 in Conjurations
  4150 | D        | Reached XP level 12. HP: 74/74 MP: 7/29
  4257 | D        | Received a gift from Sif Muna
  4258 | D        | Got Caissuv's Volume of Combat Magic {god gift}
  4267 | D        | Learned a level 7 spell: Orb of Destruction
  4320 | D        | Gained mutation: Your spells are a little easier to cast,
                  | but a little less powerful. [a shining eye]
  4385 | D        | Found Taexuecwe's Distillery.
  4385 | D        | Found Ufriv's Assorted Antiques.
  4385 | D        | Found Qaugeamn's Antique Armour Boutique.
  4385 | D        | Found Lacsal's Armour Emporium.
  4626 | D        | Noticed a 12-headed hydra
  4632 | D        | Killed a 12-headed hydra
  4772 | D        | Noticed a deep elf annihilator
  4778 | D        | Killed a deep elf annihilator
  4962 | D        | Noticed the 27-headed Lernaean hydra
  5136 | D        | Noticed a mummy priest
  5145 | D        | Killed a mummy priest
  5145 | D        | Received a gift from Sif Muna
  5148 | D        | Got Eromur's Compendium of the Earth {god gift}
  5272 | D        | Learned a level 8 spell: Lehudib's Crystal Spear
  5397 | D        | Killed a deep elf master archer
  5756 | D        | Killed the 27-headed Lernaean hydra
  5968 | D        | Got the Incunabulum of Conjuration
  6157 | D        | Noticed Lom Lobon
  6261 | D        | Bought a potion of heal wounds for 65 gold pieces
  6261 | D        | Bought a potion of heal wounds for 65 gold pieces
  6261 | D        | Bought a potion of lignification for 39 gold pieces
  6263 | D        | Bought a runed cloak for 247 gold pieces
  6263 | D        | Bought a pair of embroidered boots for 247 gold pieces
  6282 | D        | Bought a scroll labelled ONUN DOAMO for 21 gold pieces
  6282 | D        | Bought a yellow potion for 18 gold pieces
  6282 | D        | Bought a scroll of identify for 42 gold pieces
  6341 | D        | Bought a potion of haste for 100 gold pieces
  6341 | D        | Bought a potion of magic for 80 gold pieces
  6343 | D        | Bought a potion of cancellation for 80 gold pieces
  6343 | D        | Bought a potion of cancellation for 80 gold pieces
  6347 | D        | Bought a +1 pair of gloves of archery for 231 gold pieces
  6355 | D        | Bought a scroll of magic mapping for 49 gold pieces
  6355 | D        | Bought a scroll of summoning for 133 gold pieces
  6356 | D        | Bought a scroll of fog for 26 gold pieces
  6356 | D        | Bought a scroll of fog for 26 gold pieces
  6358 | D        | Bought a scroll of fear for 38 gold pieces
  6361 | D        | Bought a scroll of silence for 82 gold pieces
  6361 | D        | Bought a scroll of silence for 82 gold pieces
  6362 | D        | Bought a ring of protection from fire for 300 gold pieces
  6443 | D        | Noticed a fire giant
  6492 | D        | Noticed a fire giant
  6493 | D        | Noticed a fire giant
  6494 | D        | Killed a fire giant
  6498 | D        | Killed a fire giant
  6499 | D        | Reached skill level 10 in Invocations
  6665 | D        | Killed a fire giant
  6666 | D        | Reached XP level 13. HP: 56/78 MP: 11/30
  6721 | D        | Noticed a fire giant
  6725 | D        | Killed a fire giant
  6874 | D        | Got the Volume of Enchanting Dark Rituals
  6878 | D        | Found the +4 dragonskin cloak
  6878 | D        | Noticed Tiamat
  7482 | D        | Got the Orb of Zot
  7509 | D        | Killed an Orb Guardian
  7545 | D        | Escaped with the Orb!

Illustrated notes

Levels and vault maps discovered:
D:        dungeon_sprint_1 [red_sonja_temple_1, red_sonja_temple_small_1]

Skill      XL: |  1  2  3  4  5  6  7  8  9 10 11 12 13 |
---------------+----------------------------------------+-----
Earth Magic    | 7 10 13 16 18 19 20 | 20.2
Conjurations   | 3 8 15 20 | 20.0
Spellcasting   | 9 11 | 11.5
Fighting       | 8 |  8.2
Dodging        | 6 9 |  9.8
Stealth        | 11 | 11.1
Invocations    | 6 11 12 | 12.9
Translocations | 6 |  6.2
Transmutations | |  1.1

Action                   |  1- 3 |  4- 6 |  7- 9 | 10-12 | 13-15 || total
-------------------------+-------+-------+-------+-------+-------++-------
Melee: Unarmed           |    11 |       |       |       |       ||    11
       Flail             |       |       |       |     1 |       ||     1
 Cast: Sandblast         |     4 |       |     2 |    34 |       ||    40
       Stone Arrow       |       |    10 |    17 |    31 |       ||    58
       Lee's Rapid Decon |       |       |     6 |    53 |    24 ||    83
       Tukima's Dance    |       |       |     1 |       |       ||     1
       Petrify           |       |       |     1 |       |       ||     1
       Orb of Destructio |       |       |       |    22 |     1 ||    23
       Passage of Golubr |       |       |       |     9 |     3 ||    12
       Lehudib's Crystal |       |       |       |     4 |     2 ||     6
Invok: Forget Spell      |       |       |       |     2 |       ||     2
  Use: Potion            |     1 |       |     1 |     6 |     1 ||     9
       Scroll            |       |       |       |    14 |       ||    14
Armor: Robe              |       |       |       |    14 |       ||    14
Dodge: Dodged            |     2 |     1 |     3 |    38 |       ||    44
